 Dungeon Crawl Stone Soup version 0.31-a0-188-g5e087ee2ca (webtiles) character file.

Game seed: 5609231552093344844

2900 qw the Markself (level 9, -5/50 HPs)
             Began as a Deep Elf Hunter on June 23, 2023.
             Was an Initiate of Okawaru.
             Killed from afar by a steam dragon (15 damage)
             ... with a ball of steam
             ... on level 8 of the Dungeon.
             The game lasted 00:02:40 (6626 turns).

qw the Markself (Deep Elf Hunter)                   Turns: 6626, Time: 00:02:40

Health: -5/50      AC:  5    Str: 16    XL:     9   Next: 49%
Magic:  14/14      EV: 14    Int: 15    God:    Okawaru [......]
Gold:   74         SH:  0    Dex: 20    Spells: 8/8 levels left

rFire   . . .        Y - +0 orcbow
rCold   . . .        (shield currently unavailable)
rNeg    . . .        g - +0 ring mail
rPois   .            l - +0 hat {SInv}
rElec   .            (no cloak)
rCorr   .            (no gloves)
SInv    +            (no boots)
Will    .....        (no amulet)
Stlth   +            e - +6 ring of strength
HPRegen 0.28/turn    (no ring)
MPRegen 0.14/turn

%: no passive effects
@: no status effects
A: no striking features
a: Renounce Religion


You were on level 8 of the Dungeon.
You worshipped Okawaru.
Okawaru was noncommittal.
You visited 2 branches of the dungeon, and saw 9 of its levels.

You collected 298 gold pieces.
You spent 224 gold pieces at shops.


   Skills:
 + Level 3.0 Fighting
 - Level 15.0 Ranged Weapons
 - Level 1.0 Armour
 - Level 6.3 Dodging
 - Level 1.2 Stealth
 - Level 4.0 Invocations


You had 8 spell levels left.
You didn't know any spells.
Your spell library was empty.

Inventory:

Hand Weapons
 Y - a +0 orcbow (weapon)
Armour
 c - a +2 helmet
 g - a +0 ring mail (worn)
 l - a +0 hat of see invisible (worn)
Jewellery
 e - a +6 ring of strength (left hand)
Scrolls
 a - a scroll of identify
Potions
 d - a potion of enlightenment
 f - a potion of lignification {unknown}
 h - a potion of might
 j - a potion of heal wounds {unknown}
 k - 2 potions of curing

Dungeon Overview and Level Annotations

Branches:
Dungeon (8/15)             Temple (1/1) D:4
   Lair: D:8-11

Altars:
Ashenzari
Cheibriados
Dithmenos
Elyvilon
Fedhas
Gozag
Hepliaklqana
Kikubaaqudgha
Makhleb
Nemelex Xobeh
Okawaru
Qazlal
Ru
Sif Muna
Uskayaw
Vehumet
Wu Jian
Xom
Yredelemnul
The Shining One

Shops:
D:7 [

Annotations:
D:6 1 runed translucent door, Crazy Yiuf


Message History

Found an escape hatch in the floor.
You shoot an arrow. The arrow hits the sky beast!
The sky beast is heavily wounded.
You shoot an arrow. The arrow hits the sky beast!
The sky beast is severely wounded.
You shoot an arrow. The arrow hits the sky beast!
You kill the sky beast!
Okawaru accepts your kill.
Your Dodging skill increases to level 6!
Found a ring mail.
A steam dragon comes into view.
The steam dragon hisses angrily.
You shoot an arrow. The arrow hits the steam dragon!
The steam dragon is heavily wounded.
You shoot an arrow. The arrow hits the steam dragon.
The steam dragon is severely wounded.
You shoot an arrow.
The arrow barely misses the steam dragon.
You shoot an arrow.
The arrow hits the steam dragon but does no damage.
The steam dragon is severely wounded.
The steam dragon breathes steam at you. The ball of steam hits you!!
Ouch! That really hurt!
You hear a shout!
You're standing in a cloud of steam!
You are engulfed in a cloud of scalding steam.
You shoot an arrow.
The arrow barely misses the steam dragon.
You are engulfed in a cloud of scalding steam.
You shoot an arrow.
The arrow hits the steam dragon but does no damage.
The steam dragon is severely wounded.
You are engulfed in a cloud of scalding steam.
You shoot an arrow.
The arrow closely misses the steam dragon.
You are engulfed in a cloud of scalding steam.
The steam dragon breathes steam at you. The ball of steam hits you!
You die...

#. ... .....
[#.. ..... ....
... ... ... #..
#.# #¤# # #.#
#D# ..#.
##.####@#
.....##......¤#
#.....######
#.>.##..######.
##. #........>
#.###.###.####
#.........####
##.##.........
.##...#.######.#


You could see a steam dragon (catching breath).

Vanquished Creatures
  Grinder (D:3)
  A steam dragon (D:6)
  A water moccasin (D:5)
  A sky beast (D:8)
  An orc warrior (D:7)
  2 ice beasts
  A black bear (D:6)
  2 centaurs
  4 bullfrogs
  A scorpion (D:6)
  3 wyvern zombies (D:7)
  5 killer bees
  3 howler monkeys
  A centaur zombie (D:7)
  A quasit (D:4)
  4 hounds
  2 jellies
  An orc priest (D:7)
  2 gnoll boudas
  Jessica (D:2)
  7 iguanas
  3 orc wizards
  A killer bee zombie (D:7)
  2 howler monkey zombies (D:7)
  Robin (D:2)
  9 gnolls
  6 adders
  2 river rats (D:6)
  4 shadow imps
  4 white imps
  3 ufetubi
  A worm (D:2)
  5 dart slugs
  25 orcs
  6 bats
  4 endoplasms (D:1)
  A giant cockroach (D:3)
  6 hobgoblins
  3 quokkas
  7 ball pythons
  5 frilled lizards
  13 goblins
  7 kobolds
  5 rats
168 creatures vanquished.

Notes
Turn   | Place    | Note
-------+----------+-------------------------------------------
     0 | D:1      | qw the Deep Elf Hunter began the quest for the Orb.
     0 | D:1      | Reached XP level 1. HP: 12/12 MP: 3/3
     0 | D:1      | 0 ||| qw: Version: 0.3-a-9-g12657ce
     0 | D:1      | 0 ||| qw: Game counter: 4151
     0 | D:1      | 0 ||| qw: Always use a shield: true
     0 | D:1      | 0 ||| qw: God list: Okawaru
     0 | D:1      | 0 ||| qw: Allow faded altars: false
     0 | D:1      | 0 ||| qw: Do Orc after D:15 true
     0 | D:1      | 0 ||| qw: Do second Lair branch before Depths: true
     0 | D:1      | 0 ||| qw: Lair rune preference: random
     0 | D:1      | 0 ||| qw: Plans: Normal
     0 | D:1      | 0 ||| PLANNING D:1-11
   137 | D:1      | Reached XP level 2. HP: 16/16 MP: 4/4
   145 | D:1      | Reached skill level 6 in Ranged Weapons
   565 | D:1      | 565 ||| UPGRADING to +0 helmet.
   570 | D:1      | 570 ||| UPGRADING to +0 ring mail.
   580 | D:1      | 580 ||| DROPPING +0 leather armour.
   581 | D:1      | 581 ||| READING scroll labelled YCHONK KOT LUY.
   582 | D:1      | 582 ||| READING scroll labelled ICVINEASEP.
   583 | D:1      | 583 ||| READING scroll labelled UFFIDASUESH.
   615 | D:1      | 615 ||| READING scroll labelled PIQOIST ZUMA.
   616 | D:1      | 616 ||| DROPPING scroll of butterflies.
   648 | D:2      | Reached XP level 3. HP: 20/20 MP: 5/5
   700 | D:2      | Noticed Robin
   703 | D:2      | Killed Robin
   704 | D:2      | Reached skill level 7 in Ranged Weapons
   886 | D:2      | Noticed Jessica
   889 | D:2      | Killed Jessica
   890 | D:2      | Reached XP level 4. HP: 25/25 MP: 6/6
   900 | D:2      | Found a faded altar of an unknown god.
   987 | D:2      | 987 ||| Stepping ~*~*~tactically~*~*~ (outnumbered).
  1341 | D:2      | 1341 ||| UPGRADING to +2 helmet.
  1351 | D:2      | 1351 ||| DROPPING +0 helmet.
  1352 | D:2      | 1352 ||| READING scroll labelled FUIWNU BUMIOSI.
  1357 | D:2      | 1357 ||| READING scroll labelled YCKELU TUMP.
  1358 | D:2      | 1358 ||| READING scroll labelled HYMNAUF EKANK.
  1523 | D:3      | Reached skill level 8 in Ranged Weapons
  1526 | D:3      | 1526 ||| FLEEEEING.
  1527 | D:3      | 1527 ||| FLEEEEING.
  1552 | D:3      | Reached XP level 5. HP: 12/29 MP: 7/7
  1790 | D:3      | Noticed Grinder
  1802 | D:3      | Killed Grinder
  1803 | D:3      | Reached skill level 10 in Ranged Weapons
  1803 | D:3      | Reached XP level 6. HP: 30/34 MP: 8/8
  2019 | D:3      | 2019 ||| DRINKING 2 clear potions.
  2020 | D:3      | 2020 ||| DROPPING potion of invisibility.
  2111 | D:4      | Found a staircase to the Ecumenical Temple.
  2112 | D:4      | 2112 ||| PLANNING TEMPLE
  2120 | Temple   | Entered the Ecumenical Temple
  2121 | Temple   | 2121 ||| PLANNING OKAWARU WORSHIP
  2129 | Temple   | Became a worshipper of Warmaster Okawaru
  2130 | Temple   | 2130 ||| PLANNING D:1-11
  2153 | D:4      | Found a shadowy altar of Dithmenos.
  2165 | D:4      | Reached skill level 3 in Dodging
  2332 | D:4      | Found a white marble altar of Elyvilon.
  2425 | D:4      | Reached skill level 1 in Armour
  2431 | D:4      | Reached XP level 7. HP: 40/40 MP: 9/9
  2901 | D:4      | Found an opulent altar of Gozag.
  2903 | D:4      | 2903 ||| UPGRADING to +6 ring of strength.
  2904 | D:4      | 2904 ||| READING scroll labelled QOITAVOTUM.
  2905 | D:4      | 2905 ||| READING 2 scrolls of identify.
  2905 | D:4      | 2905 ||| IDENTIFYING pink potion
  2906 | D:4      | 2906 ||| DROPPING potion of brilliance.
  2936 | D:5      | Entered Level 5 of the Dungeon
  3004 | D:5      | Reached skill level 11 in Ranged Weapons
  3046 | D:5      | Reached * piety under Okawaru
  3269 | D:5      | Reached skill level 1 in Invocations
  3443 | D:5      | 3443 ||| INVOKING Heroism.
  3775 | D:5      | 3775 ||| READING scroll labelled MIDE GOSTRIMANN.
  3776 | D:5      | 3776 ||| DRINKING 2 fizzy inky potions.
  3802 | D:6      | 3802 ||| PLANNING SEWER
  3820 | D:6      | 3820 ||| INVOKING Heroism.
  4013 | D:6      | Reached XP level 8. HP: 43/44 MP: 11/11
  4023 | D:6      | Found a runed translucent door.
  4024 | D:6      | Noticed Crazy Yiuf
  4131 | D:6      | 4131 ||| INVOKING Heroism.
  4136 | D:6      | Reached skill level 12 in Ranged Weapons
  4136 | D:6      | Reached skill level 3 in Invocations
  4138 | D:6      | 4138 ||| Stepping ~*~*~tactically~*~*~ (outnumbered).
  4157 | D:6      | 4157 ||| INVOKING Heroism.
  4265 | D:6      | 4265 ||| INVOKING Heroism.
  4270 | D:6      | Reached skill level 3 in Fighting
  4412 | D:6      | 4412 ||| INVOKING Heroism.
  4548 | D:6      | 4548 ||| RIP SEWER
  4643 | D:6      | 4643 ||| PLANNING D:1-11
  4758 | D:6      | 4758 ||| READING scroll labelled RAMAGA KUORRAFABB.
  4759 | D:6      | 4759 ||| DRINKING 2 lumpy clear potions.
  4761 | D:6      | 4761 ||| Stepping ~*~*~tactically~*~*~ (cloud).
  4962 | D:7      | 4962 ||| STAIRDANCE
  5067 | D:7      | Reached skill level 13 in Ranged Weapons
  5078 | D:7      | 5078 ||| INVOKING Heroism.
  5183 | D:7      | 5183 ||| INVOKING Heroism.
  5259 | D:7      | Found a basalt altar of Yredelemnul.
  5285 | D:7      | Reached XP level 9. HP: 43/50 MP: 14/14
  5356 | D:7      | 5356 ||| INVOKING Heroism.
  5364 | D:7      | 5364 ||| DRINKING potion of curing.
  5364 | D:7      | 5364 ||| (to cure confusion)
  5373 | D:7      | Reached skill level 14 in Ranged Weapons
  5403 | D:7      | 5403 ||| SWAPPING to +0 orcbow.
  5404 | D:7      | 5404 ||| DROPPING +1 shortbow of draining.
  5428 | D:7      | 5428 ||| INVOKING Heroism.
  5719 | D:7      | 5719 ||| INVOKING Heroism.
  5813 | D:7      | 5813 ||| Stepping ~*~*~tactically~*~*~ (outnumbered).
  5815 | D:7      | 5815 ||| Stepping ~*~*~tactically~*~*~ (outnumbered).
  5817 | D:7      | 5817 ||| INVOKING Heroism.
  5819 | D:7      | 5819 ||| Stepping ~*~*~tactically~*~*~ (outnumbered).
  5836 | D:7      | 5836 ||| INVOKING Heroism.
  5976 | D:7      | Reached skill level 15 in Ranged Weapons
  5986 | D:7      | Found a hazy altar of Hepliaklqana.
  6018 | D:7      | Found Jaighed's Antique Armour Shoppe.
  6028 | D:7      | 6028 ||| BUYING embroidered hat (224 gold).
  6028 | D:7      | Bought an embroidered hat for 224 gold pieces
  6028 | D:7      | 6028 ||| SHOPLISTING glowing scale mail (224 gold, have
                  | 74).
  6230 | D:7      | 6230 ||| UPGRADING to +0 hat of see invisible.
  6240 | D:7      | 6240 ||| READING scroll labelled WUCVAE NIXY.
  6341 | D:7      | 6341 ||| READING 2 scrolls of identify.
  6341 | D:7      | 6341 ||| IDENTIFYING black potion
  6377 | D:8      | 6377 ||| STAIRDANCE
  6438 | D:8      | 6438 ||| STAIRDANCE
  6441 | D:7      | 6441 ||| INVOKING Heroism.
  6612 | D:8      | Reached skill level 6 in Dodging
  6626 | D:8      | HP: 10/50 [steam dragon] (5)]
  6626 | D:8      | Killed from afar by a steam dragon

Levels and vault maps discovered:
D:1:      dpeg_arrival_tiny_i, layout_loops_ring
D:2:      layout_basic, hellmonk_ecumenical_altar_blasted, nrook_mini_vaults,
          kennysheep_boxes, uniq_robin, uniq_jessica
D:3:      layout_loops_cross, uniq_grinder
D:4:      layout_cave_pools, elyvilon_altar_5, lemuel_coloured_pillars_altar,
          nicolae_dithmenos_the_darkroom, minmay_temple_entry_trees,
          serial_demonic, serial_demonic_c, serial_demonic_e, serial_demonic_d,
          serial_demonic_e, kennysheep_flooded_box, kennysheep_doodads,
          corner_web_ring, serial_bayou_crossing
D:5:      layout_basic
D:6:      minmay_spotlight, layout_basic, gup_sewer_entry_bowl,
          nicolae_water_bricks, uniq_crazy_yiuf_cottage
D:7:      layout_cave_pods, nicolae_yredelemnul_corpse_copse, marbit_many_paths,
          serial_shops, shop, grunt_ministairs_15, kennysheep_donut,
          grunt_decor_mini_mirrors
D:8:      layout_loops_ring, lemuel_round_altar, lair_entry_dummy, minivault_10
Temple:   nicolae_temple_no_exploring_needed

Skill      XL: |  1  2  3  4  5  6  7  8  9 |
---------------+----------------------------+-----
Ranged Weapons | 6 7 8 10 11 13 15 | 15.0
Fighting       | 2 3 |  3.0
Dodging        | 3 4 5 6 |  6.3
Armour         | 1 |  1.0
Invocations    | 2 4 |  4.0
Stealth        | |  1.2

Action                     |  1- 3 |  4- 6 |  7- 9 || total
---------------------------+-------+-------+-------++-------
   Fire: Shortbow          |    84 |   134 |   265 ||   483
         Orcbow            |       |       |   123 ||   123
 Invoke: Heroism           |       |       |    14 ||    14
    Use: Scroll            |     4 |     3 |     6 ||    13
         Potion            |       |     1 |     3 ||     4
 Armour: Leather armour    |     1 |       |       ||     1
         Ring mail         |     5 |    37 |    80 ||   122
  Dodge: Dodged            |     3 |    25 |   186 ||   214

Table legend:
 A = Non-vault XP
 B = Vault XP
 C = Vault XP percentage of total XP
 D = Non-vault monster count
 E = Vault monster count
 F = Vault count percentage of total count
                 A         B        C        D         E       F
            +---------+---------+-------+---------+---------+-------
      Total |    2594 |    1549 |  37.4 |     131 |      37 |  22.0
            +---------+---------+-------+---------+---------+-------
        D:1 |      40 |       0 |   0.0 |      24 |       0 |   0.0
        D:2 |      41 |      64 |  61.0 |      14 |       8 |  36.4
        D:3 |      90 |     272 |  75.1 |      19 |       1 |   5.0
        D:4 |     227 |     105 |  31.6 |      18 |       7 |  28.0
        D:5 |     432 |       0 |   0.0 |      13 |       0 |   0.0
        D:6 |     600 |     406 |  40.4 |      12 |       8 |  40.0
        D:7 |     931 |     702 |  43.0 |      27 |      13 |  32.5
        D:8 |     233 |       0 |   0.0 |       4 |       0 |   0.0
            +---------+---------+-------+---------+---------+-------
